 Dungeon Crawl Stone Soup version 0.29-a0-620-g13ace881f2 (webtiles) character file.

Game seed: 7354196527185020591

61 happo123 the Ruffian (level 3, -2/33 HPs)
             Began as a Troll Transmuter on June 18, 2022.
             Slain by a gnoll
             ... wielding a +0 flail
              (7 damage)
             ... on level 2 of the Dungeon.
             The game lasted 00:04:05 (783 turns).

happo123 the Ruffian (Troll Transmuter)              Turns: 783, Time: 00:04:05

Health: -2/33      AC:  4    Str: 18    XL:     3   Next: 83%
Magic:  4/4        EV: 10    Int: 11    God:
Gold:   48         SH:  0    Dex: 10    Spells: 4/5 levels left

rFire   . . .      SeeInvis .     - Unarmed
rCold   . . .      Faith    .   (no shield)
rNeg    . . .      Spirit   .   a - +0 robe
rPois   .          Reflect  .   (helmet restricted)
rElec   .          Harm     .   (no cloak)
rCorr   .          Rampage  .   (gloves unavailable)
Will    .....                   (boots unavailable)
Stlth   +.........              l - amulet of magic regeneration
HPRegen 0.91/turn               (no ring)
MPRegen 0.49/turn               (no ring)

@: no status effects
A: large, unfitting armour, claws 3, regeneration 1, shaggy fur 1, tough skin 1
a: no special abilities


You were on level 2 of the Dungeon.
You visited 1 branch of the dungeon, and saw 2 of its levels.

You collected 48 gold pieces.

Inventory:

Armour
 a - a +0 robe (worn)
Jewellery
 g - an amulet of the acrobat
 l - an amulet of magic regeneration (around neck)
Scrolls
 d - a scroll of enchant weapon {unknown}
 e - 2 scrolls of identify {unknown}
 i - a scroll of magic mapping {unknown}
Potions
 b - a potion of lignification
 c - a potion of heal wounds {unknown}
 f - a potion of might {unknown}
 h - a potion of flight {unknown}
 j - a potion of curing {unknown}
 k - a potion of attraction {unknown}
 m - 2 potions of haste {unknown}


   Skills:
 + Level 1.1 Fighting
 + Level 1.9 Dodging
 * Level 3.5 Unarmed Combat
 + Level 1.5 Spellcasting
 * Level 1.9 Transmutations
 + Level 0.6 Ice Magic


You had 4 spell levels left.
You knew the following spells:

 Your Spells              Type           Power      Damage    Failure   Level
a - Beastly Appendage     Tmut           10%        N/A       14%         1

Your spell library contained the following spells:

 Spells                   Type           Power      Damage    Failure   Level
 Sting                    Tmut/Pois      12%        1d3       21%         1
 Wereblood                Tmut           5%         N/A       21%         2
 Poisonous Vapours        Pois/Air       0%         N/A       43%         2
 Spider Form              Tmut/Pois      3%         N/A       52%         3
 Ice Form                 Ice/Tmut       3%         N/A       87%         4
 Olgreb's Toxic Radiance  Pois           0%         N/A       97%         4


Dungeon Overview and Level Annotations

Branches:
Dungeon (2/15)

Altars:

Shops:
D:2 (


Innate Abilities, Weirdness & Mutations

You are too large for most types of armour.
You have claws for hands.
Your natural rate of healing is unusually fast.
You are covered in fur. (AC +1)
You have tough skin. (AC +1)


Message History

Found a spear.
Found an escape hatch in the floor.
You scratch the dart slug. You claw the dart slug!
You kill the dart slug!
A gnoll comes into view. It is wielding a +0 club.
You see here 2 sedimented yellow potions.
m - 2 sedimented yellow potions
Casting: Beastly Appendage (safe; 14% risk of failure)
Press: ? - help, Q - select action Dir - look around, f - activate You grow a pair of large bovine horns.
Your feet morph into talons.
Your transformation is almost over.
You barely miss the gnoll. The gnoll hits you with a +0 club!
You scratch the gnoll.
The gnoll is lightly wounded.
You closely miss the gnoll. Your kick misses the gnoll.
The gnoll is lightly wounded.
The gnoll hits you with a +0 club.
You claw the gnoll!
You kill the gnoll! 2 gnolls come into view.
Found a short sword.
The gnoll shouts!
You see here a +0 club.
The gnoll shouts!
Casting: Beastly Appendage (safe; 14% risk of failure)
Confirm with . or Enter, or press ? or * to list all spells.
You don't know that spell.
You closely miss the gnoll. Your kick misses the gnoll.
Your horns disappear.
Your talons disappear.
The gnoll hits you with a +0 flail!
You claw the gnoll!
The gnoll is heavily wounded.
The gnoll hits you with a +0 flail.
The gnoll hits you from afar with a +0 spear.
* * * LOW HITPOINT WARNING * * *
You scratch the gnoll.
The gnoll is almost dead.
The gnoll hits you from afar with a +0 spear.
* * * LOW HITPOINT WARNING * * *
The gnoll hits you with a +0 flail!
You die...

## ### #+## .# ..#
#...# #.###.# #
#.....
#.#.#.#.##......
###.....#.#.).....
..........+.......
#..>.###)......
#....@gg.......
###.#..###.#.....
#......# .# ..#
#.#.#.## .# # #
#.#.#.# .#
#.##.#.#.####.#
#.............# .
####.###########..
#.######## ....


You could see 2 gnolls.

Vanquished Creatures
  2 gnolls
  2 dart slugs
  5 ball pythons (D:1)
  5 endoplasms (D:1)
  2 giant cockroaches (D:1)
  A goblin (D:1)
  2 hobgoblins (D:1)
  4 jackals (D:1)
  5 kobolds (D:1)
  A quokka (D:1)
  4 bats (D:1)
  3 rats
36 creatures vanquished.

Vanquished Creatures (others)
  A fungus (D:1)
1 creature vanquished.

Grand Total: 37 creatures vanquished

Notes
Turn   | Place    | Note
-------+----------+-------------------------------------------
     0 | D:1      | happo123 the Troll Transmuter began the quest for the Orb.
     0 | D:1      | Reached XP level 1. HP: 18/18 MP: 1/1
    79 | D:1      | Reached XP level 2. HP: 24/26 MP: 0/3
   146 | D:1      | Reached skill level 1 in Fighting
   248 | D:1      | Reached XP level 3. HP: 33/33 MP: 2/4
   584 | D:1      | Found a faded altar of an unknown god.
   745 | D:2      | Found Nontomm's Antique Weapon Shop.
   783 | D:2      | Slain by a gnoll

Illustrated notes

Levels and vault maps discovered:
D:1:      tarquinn_simple_flora_water_b, layout_loops_cross,
          shapermc_ecumenical_altar_ellora
D:2:      layout_loops_corners, serial_bayou, serial_bayou_crossing,
          serial_bayou_pond_e, serial_bayou_pond_b, serial_bayou_shore_a,
          serial_bayou_pond_d, serial_shops, shop, kennysheep_cross_room,
          grunt_decor_arrowhead, uniq_robin, uniq_crazy_yiuf_cottage

Skill      XL: |  1  2 |
---------------+-------+-----
Fighting       | 1 |  1.1
Dodging        | |  1.9
Unarmed Combat | |  3.5
Spellcasting   | |  1.5
Transmutations | |  1.9
Ice Magic      | |  0.6

Action                   || total
-------------------------++-------
Melee: Unarmed           ||    93
       Punch             ||     3
 Cast: Beastly Appendage ||     2
Armor: Robe              ||    25
Dodge: Dodged            ||    42

Table legend: (Time is in decaauts)
 A = Elapsed time spent in this place.
 B = Non-inter-level travel time spent in this place.
 C = Inter-level travel time spent in this place.
 D = Time resting spent in this place.
 E = Time spent auto-exploring this place.
 F = Levels seen in this place.
 G = Mean time per level.
                   A        B        C        D        E       F      G
               +--------+--------+--------+--------+--------+-----+--------+
         Total |    777 |    690 |     87 |      0 |    424 |   2 |  388.5 |
       Dungeon |    777 |    690 |     87 |      0 |    424 |   2 |  388.5 |
               +--------+--------+--------+--------+--------+-----+--------+

Top non-repeatable levels by time:
     D:1: 740 daAuts
     D:2: 37 daAuts
